 Dungeon Crawl Stone Soup version 0.32-a0-42-ga30500b4d3 (webtiles) character file.

Game seed: 7704900856702575564

1504 lunkers the Basher (level 8, -11/87 (89) HPs)
             Began as an Oni Berserker on Feb 2, 2024.
             Was a Priest of Trog.
             Mangled by a two-headed ogre
             ... wielding a +0 giant spiked club
              (24 damage)
             ... on level 6 of the Dungeon.
             The game lasted 00:07:10 (3973 turns).

lunkers the Basher (Oni Berserker)                  Turns: 3973, Time: 00:07:10

HP:   -11/87 (89)   AC:  4    Str: 24    XL:     8   Next: 82%
MP:   8/8           EV:  9    Int:  8    God:    Trog [***...]
Gold: 309           SH:  0    Dex:  8    Spells: 7/7 levels left

rFire   . . .        b - +0 giant spiked club
rCold   . . .        (shield currently unavailable)
rNeg    . . .        f - +0 troll leather armour
rPois   .            (helmet restricted)
rElec   .            (no cloak)
rCorr   .            (gloves unavailable)
SInv    .            (boots unavailable)
Will    .....        (no amulet)
Stlth   +            (no ring)
HPRegen 1.14/turn    (no ring)
MPRegen 0.11/turn

%: no passive effects
@: on berserk cooldown, slowed, lightly drained, very slow
A: large, unfitting armour, horns 1, tough skin 1, double potion healing,
drunken brawling
a: Renounce Religion, Berserk, Trog's Hand


You were on level 6 of the Dungeon.
You worshipped Trog.
Trog was most pleased with you.
You visited 1 branch of the dungeon, and saw 6 of its levels.

You collected 309 gold pieces.

Inventory:

Hand Weapons
 a - a +0 great mace
 b - a +0 giant spiked club (weapon)
 m - a +0 mace
Missiles
 h - 6 javelins
Armour
 f - a +0 troll leather armour (worn)
 q - a +0 animal skin
Jewellery
 v - a ring of ice
Wands
 o - a wand of iceblast (12)
 w - a wand of quicksilver (8)
 x - a wand of flame (11)
Scrolls
 e - 8 scrolls of identify {unknown}
 g - a scroll of poison {unknown}
 i - 3 scrolls of teleportation {unknown}
 n - a scroll of torment {unknown}
 r - a scroll of enchant armour {unknown}
 s - a scroll of noise {unknown}
 u - a scroll of amnesia {unknown}
Potions
 c - 2 potions of lignification {unknown}
 d - 2 potions of curing {unknown}
 j - a potion of heal wounds {unknown}
 k - 3 potions of might {unknown}
 l - a potion of invisibility {unknown}
 p - 2 potions of resistance {unknown}
 t - a potion of ambrosia {unknown}


   Skills:
 + Level 8.4 Fighting
 * Level 9.6 Maces & Flails
 - Level 2.6 Dodging


You had 7 spell levels left.
You didn't know any spells.
Your spell library was empty.

Dungeon Overview and Level Annotations

Branches:
Dungeon (6/15)             Temple (0/1) D:5

Altars:
Elyvilon

Shops:
D:5 :*:*(


Innate Abilities, Weirdness & Mutations

You are too large for most types of armour.
You have a pair of small horns on your head.
You have tough skin. (AC +1)
You gain doubled healing and magic from potions.
Whenever you drink a healing potion, you attack all around you.


Message History

A wight comes into view. It is wielding a +5 spear.
A two-headed ogre comes into view.
It is wielding a +0 giant spiked club and a +0 giant club.
You barely miss the howler monkey.
The howler monkey is moderately wounded.
The two-headed ogre shouts in stereo!
The howler monkey hoots and howls with incredible vigour!
Unknown command.
You closely miss the howler monkey. You headbutt the howler monkey.
The howler monkey is severely wounded.
The howler monkey hits you but does no damage.
The howler monkey hits you.
* * * LOW HITPOINT WARNING * * *
You closely miss the howler monkey.
The howler monkey is severely wounded.
The howler monkey hits you.
* * * LOW HITPOINT WARNING * * *
Unknown command.
You hit the howler monkey. You headbutt the howler monkey.
You kill the howler monkey!
Trog accepts your kill.
Unknown command.
You puncture the two-headed ogre!
Your headbutt misses the two-headed ogre.
The two-headed ogre is moderately wounded.
The wight hits you from afar with a +5 spear.
* * * LOW HITPOINT WARNING * * *
You impale the two-headed ogre!!
The two-headed ogre is heavily wounded.
You are no longer berserk.
You are exhausted.
You feel yourself slow down.
The hound stops to sniff the ground.
The wight hits you from afar with a +5 spear.
* * * LOW HITPOINT WARNING * * *
You feel drained.
* * * LOW HITPOINT WARNING * * *
The two-headed ogre hits you with a +0 giant spiked club!
* * * LOW HITPOINT WARNING * * *
The two-headed ogre hits you with a +0 giant club!!
You die...

.####.#..#.#
#....#.#
#.####...##.#
#......>....#
######..#####
#..#
########..####
#............#
#....)@...##.#
#.###O###.##.#


.zh ###..# ....z #### #....$. #...### .... ... You could see a two-headed ogre,
a hound and 2 wights.

Vanquished Creatures
  A steam dragon (D:4)
  2 vampire mosquitoes (D:6)
  2 ogres (D:5)
  2 phantoms
  A bullfrog (D:6)
  A wight (D:6)
  A scorpion (D:4)
  A howler monkey (D:6)
  2 jellies (D:6)
  5 hounds
  A bombardier beetle (D:5)
  5 orc priests
  2 iguanas
  6 adders
  A white imp (D:5)
  2 ufetubi (D:5)
  3 dart slugs
  13 orcs
  10 ball pythons
  10 bats
  7 endoplasms
  3 giant cockroaches (D:1)
  6 hobgoblins
  2 jackals (D:5)
  3 quokkas
  2 frilled lizards
  3 goblins
  4 kobolds
  4 rats (D:1)
105 creatures vanquished.

Vanquished Creatures (others)
  A hobgoblin (D:4)
1 creature vanquished.

Grand Total: 106 creatures vanquished

Notes
Turn   | Place    | Note
-------+----------+-------------------------------------------
     0 | D:1      | lunkers the Oni Berserker began the quest for the Orb.
     0 | D:1      | Reached XP level 1. HP: 24/24 MP: 1/1
    70 | D:1      | Reached XP level 2. HP: 31/32 MP: 2/2
   324 | D:1      | Reached skill level 4 in Maces & Flails
   366 | D:1      | Reached ** piety under Trog
   367 | D:1      | Reached XP level 3. HP: 39/39 MP: 3/3
   878 | D:2      | You fall into a shaft and drop 1 floor!
  1621 | D:3      | Reached skill level 5 in Maces & Flails
  1621 | D:3      | Reached XP level 4. HP: 7/48 MP: 4/4
  2330 | D:4      | Reached XP level 5. HP: 54/54 MP: 5/5
  2502 | D:4      | Noticed a phantom
  2515 | D:4      | Killed a phantom
  2516 | D:4      | Reached skill level 6 in Maces & Flails
  2516 | D:4      | Reached XP level 6. HP: 56/65 MP: 6/6
  2518 | D:4      | Reached skill level 5 in Fighting
  2663 | D:4      | Noticed a steam dragon
  2671 | D:4      | Killed a steam dragon
  2672 | D:4      | Reached skill level 7 in Maces & Flails
  2672 | D:4      | Reached XP level 7. HP: 48/74 MP: 7/7
  2995 | D:5      | Entered Level 5 of the Dungeon
  2995 | D:5      | Found Cunaeb's Book Shoppe.
  3020 | D:5      | Found Senaydd's Assorted Antiques.
  3105 | D:5      | Found Otovuwox's Book Boutique.
  3146 | D:5      | Found a white marble altar of Elyvilon.
  3213 | D:5      | Found Soococes's Assorted Antiques.
  3379 | D:5      | Found a staircase to the Ecumenical Temple.
  3447 | D:5      | Found Vimmir's Weapon Boutique.
  3465 | D:5      | Reached *** piety under Trog
  3466 | D:5      | Reached skill level 8 in Maces & Flails
  3716 | D:6      | Reached XP level 8. HP: 48/87 MP: 8/8
  3961 | D:6      | Reached skill level 9 in Maces & Flails
  3968 | D:6      | Noticed a two-headed ogre
  3973 | D:6      | Mangled by a two-headed ogre

Illustrated notes

Levels and vault maps discovered:
D:1:      nicolae_arrival_washed_ashore, layout_basic
D:2:      layout_loops_ring
D:3:      layout_basic, serial_glass, glass_columns_c, glass_columns_a,
          glass_columns_b, glass_columns_b, glass_columns_a, glass_columns_c,
          glass_columns_b, glass_columns_a, glass_columns_a, glass_columns_b,
          roderic_malta_cross, minmay_fountain_box
D:4:      kennysheep_spiral_hall, layout_loops_ring, minmay_misc_feat_nine_boxes
D:5:      layout_cave_pools, kennysheep_mini_moat, minmay_temple_entry_arrows,
          serial_shops, nicolae_shop_just_a_little_nook, shop,
          nicolae_shop_behind_doors, shop, nicolae_shop_tiny_glass,
          serial_bayou_lagoon_b
D:6:      layout_basic, kennysheep_another_room, grunt_potential

Skill      XL: |  1  2  3  4  5  6  7  8 |
---------------+-------------------------+-----
Maces & Flails | 4 5 6 7 8 9 |  9.6
Fighting       | 5 7 8 |  8.4
Dodging        | |  2.6

Action                     |  1- 3 |  4- 6 |  7- 9 || total
---------------------------+-------+-------+-------++-------
  Melee: Mace              |   123 |    21 |       ||   144
         Headbutt          |    11 |     5 |    22 ||    38
         Great mace        |       |    41 |    58 ||    99
         Giant spiked club |       |       |    75 ||    75
 Invoke: Berserk           |     1 |     2 |     2 ||     5
 Armour: Animal skin       |    31 |       |       ||    31
         Troll leather arm |    50 |    53 |   145 ||   248
  Dodge: Dodged            |    67 |    36 |    93 ||   196

Table legend: (Time is in decaauts)
 A = Elapsed time spent in this place.
 B = Non-inter-level travel time spent in this place.
 C = Inter-level travel time spent in this place.
 D = Time resting spent in this place.
 E = Time spent auto-exploring this place.
 F = Levels seen in this place.
 G = Mean time per level.
                   A        B        C        D        E       F      G
               +--------+--------+--------+--------+--------+-----+--------+
         Total |   4083 |   3909 |    174 |      0 |   3140 |   6 |  680.5 |
       Dungeon |   4083 |   3909 |    174 |      0 |   3140 |   6 |  680.5 |
               +--------+--------+--------+--------+--------+-----+--------+

Top non-repeatable levels by time:
     D:3: 895 daAuts
     D:1: 755 daAuts
     D:4: 738 daAuts
     D:5: 726 daAuts
     D:2: 679 daAuts
     D:6: 288 daAuts
